 Dungeon Crawl Stone Soup version 0.13.0-59-g13bd910 (webtiles) character file.

177 Chiseanne the Sneak (level 4, -1/36 HPs)
             Began as a Centaur Assassin on Nov 22, 2013.
             Slain by a giant gecko (3 damage)
             ... on Level 2 of the Dungeon.
             The game lasted 00:06:27 (2257 turns).

Chiseanne the Sneak (Centaur Assassin)              Turns: 2257, Time: 00:06:27

HP  -1/36        AC  5     Str 14      XL: 4   Next:  0%
MP   2/2         EV  9     Int 10      God:
Gold 110         SH  0     Dex 11      Spells:  0 memorised,  3 levels left

Res.Fire  : . . .   See Invis. : .   r - +1 short sword (vamp)
Res.Cold  : . . .   Warding    : .   c - +0 robe (curse)
Life Prot.: . . .   Conserve   : .   (no shield)
Res.Poison: .       Res.Corr.  : .   (no helmet)
Res.Elec. : .       Clarity    : .   d - +0 cloak
Sust.Abil.: . .     Spirit.Shd : .   (no gloves)
Res.Mut.  : .       Stasis     : .   (no barding)
Res.Rott. : .       Flight     : .   (no amulet)
Saprovore : . . .                    (no ring)
                                     (no ring)

@: short of breath, very poisoned, slowed, slightly resistant to hostile
enchantments, unstealthy
A: hooves 3, deformed body, herbivore 1, speed 2, fast metabolism 1, tough skin
3
a: no special abilities


You were on level 2 of the Dungeon.
You were not hungry.

You visited 1 branch of the dungeon, and saw 3 of its levels.

You collected 60 gold pieces.

Inventory:

Hand weapons
 b - a +0 blowgun
 o - a cursed +0,-1 broad axe
 r - a +1,+1 vampiric short sword (weapon)
Missiles
 e - 8 poisoned needles
 f - 2 curare-tipped needles
 h - 32 darts (quivered)
 k - 27 arrows
Armour
 c - a cursed +0 robe (worn)
 d - a +0 cloak (worn)
Comestibles
 g - 2 bread rations
Scrolls
 a - a scroll of fog {unknown}
 m - 3 scrolls of identify
 p - a scroll of remove curse
Potions
 i - 2 potions of restore abilities
 j - 2 potions of magic
 n - 2 potions of agility
Magical staves
 l - an uncursed staff of poison {unknown}


   Skills:
 * Level 2.4 Fighting
 * Level 2.1 Short Blades
 * Level 0.1 Axes
 - Level 2.6 Throwing
 * Level 0.4 Armour
 * Level 1.2 Dodging
 * Level 3.3 Stealth


You had 3 spell levels left.
You didn't know any spells.

Dungeon Overview and Level Annotations

Branches:
Dungeon (3/27)

Altars:
Nemelex Xobeh


Innate Abilities, Weirdness & Mutations

You have hooves in place of feet.
Armour fits poorly on your strangely shaped body.
You digest meat inefficiently.
You cover ground very quickly.
You have a fast metabolism.
You have extremely tough skin (AC +3).


Message History

You feel sick.
There is a stone staircase leading down here.
Drink which item? (? for menu, Esc to quit)
Okay, then.
* * * LOW HITPOINT WARNING * * *
You feel sick. The kobold hits you but does no damage.
The giant gecko hisses menacingly.
A rat comes into view.
* * * LOW HITPOINT WARNING * * *
You feel sick.
* * * LOW HITPOINT WARNING * * *
You feel very sick.
The giant gecko bites you but does no damage.
You miss the giant gecko. Your kick misses the giant gecko.
The giant gecko is moderately wounded.
* * * LOW HITPOINT WARNING * * *
You feel sick.
You feel a little better. The giant gecko bites you.
You die...

#......#.# #....#...##.....
#......#.####....#.#.##.)...
#......'....#....#.####.....
#......#.##.#....#....##....
#......#....#....#..#.#.....
#####.##............#.#.....
#.##.#######...<#.#.....
##.##'#######.#.[#.#...##
#....>Kl@..r...........%.
#......######....#.#....#
#......#########+#.#....#
#..................#....#
#......######......#..(##
#......# #......#.....
#......# #......'.....
#......# #......##....
#####.## #########....


You could see a giant gecko, a kobold and a rat.

Vanquished Creatures
  2 adders (D:2)
  3 worms
  A giant gecko (D:1)
  2 ball pythons (D:1)
  A giant cockroach (D:2)
  4 hobgoblins
  5 kobolds
  A quokka (D:2)
  3 bats
  5 giant newts
  5 goblins
  4 rats (D:1)
36 creatures vanquished.

Notes
Turn   | Place    | Note
--------------------------------------------------------------
     0 | D:1      | Chiseanne, the Centaur Assassin, began the quest for the Orb.
     0 | D:1      | Reached XP level 1. HP: 16/16 MP: 0/0
   265 | D:1      | Reached XP level 2. HP: 17/23 MP: 1/1
   579 | D:1      | Reached skill level 3 in Stealth
   635 | D:1      | Reached skill level 1 in Dodging
  1313 | D:2      | Reached XP level 3. HP: 7/28 MP: 2/2
  1655 | D:2      | Found a sparkling altar of Nemelex Xobeh.
  2185 | D:2      | Reached XP level 4. HP: 36/36 MP: 2/2
  2257 | D:2      | Slain by a giant gecko

Action                   |  1- 3 |  4- 6 || total
-------------------------+-------+-------++-------
Melee: Dagger            |    95 |       ||    95
       Short sword       |    12 |     5 ||    17
  Use: Scroll            |     7 |       ||     7
       Potion            |     4 |       ||     4
 Stab: Sleeping          |     2 |       ||     2
